 Dungeon Crawl Stone Soup version 0.29.1-15-g9cfb28693d (webtiles) character file.

Game seed: 428246482456008262

52 BeingJoeMalik the Covered (level 3, -2/23 HPs)
             Began as a Tengu Fighter on Mar 27, 2023.
             Slain by a worm (8 damage)
             ... on level 3 of the Dungeon.
             The game lasted 00:02:42 (1768 turns).

BeingJoeMalik the Covered (Tengu Fighter)           Turns: 1768, Time: 00:02:42

Health: -2/23      AC:  7    Str: 16    XL:     3   Next: 85%
Magic:  4/4        EV:  9    Int:  8    God:
Gold:   149        SH:  5    Dex: 15    Spells: 2/2 levels left

rFire   . . .      SeeInvis .   a - +0 trident
rCold   . . .      Faith    +   c - +0 buckler
rNeg    . . .      Spirit   .   b - +0 scale mail
rPois   .          Reflect  .   (helmet restricted)
rElec   .          Harm     .   (no cloak)
rCorr   .          Rampage  .   (no gloves)
Will    .....                   (boots unavailable)
Stlth   ..........              j - amulet of faith
HPRegen 0.07/turn               (no ring)
MPRegen 0.09/turn               (no ring)

@: no status effects
A: beak, talons 3
a: no special abilities


You were on level 3 of the Dungeon.
You visited 1 branch of the dungeon, and saw 3 of its levels.

You collected 149 gold pieces.

Inventory:

Hand Weapons
 a - a +0 trident (weapon)
Armour
 b - a +0 scale mail (worn)
 c - a +0 buckler (worn)
Jewellery
 j - an amulet of faith (around neck)
Scrolls
 e - 2 scrolls of blinking {unknown}
 f - a scroll of identify {unknown}
 h - a scroll of butterflies {unknown}
 i - a scroll of enchant armour {unknown}
 k - a scroll of torment {unknown}
 m - a scroll of immolation {unknown}
Potions
 d - a potion of might
 g - a potion of curing {unknown}
 l - a potion of mutation {unknown}


   Skills:
 + Level 3.3 Fighting
 + Level 2.9 Polearms
 + Level 3.8 Armour
 + Level 0.1 Dodging
 + Level 3.5 Shields


You had 2 spell levels left.
You didn't know any spells.
Your spell library contained the following spells:

 Spells                   Type           Power      Damage    Failure   Level
 Beastly Appendage        Tmut           0%         N/A       89%         1
 Ensorcelled Hibernation  Hex/Ice        0%         N/A       96%         2
 Wereblood                Tmut           0%         N/A       96%         2
 Spider Form              Tmut/Pois      0%         N/A       99%         3
 Anguish                  Hex/Necr       0%         N/A       100%        4
 Borgnjor's Revivificati  Necr           0%         N/A       100%        8
 Necromutation            Tmut/Necr      0%         N/A       100%        8
 Death's Door             Necr           0%         N/A       100%        9


Dungeon Overview and Level Annotations

Branches:
Dungeon (3/15)

Altars:
Zin

Shops:
D:1 :

Annotations:
D:2 1 runed translucent door, Crazy Yiuf


Innate Abilities, Weirdness & Mutations

You have a beak for a mouth.
You have claws for feet.


Message History

You kill the orc!
You barely miss the orc. The orc closely misses you.
You closely miss the orc. Your kick misses the orc.
The orc hits you with a +0 hand axe.
You hit the orc. Your kick misses the orc.
The orc is heavily wounded.
The orc hits you but does no damage.
You hit the orc.
The orc is heavily wounded.
You block the orc's attack. The orc hits you but does no damage.
You hit the orc. Your peck misses the orc.
The orc is severely wounded.
The orc barely misses you.
You hit the orc but do no damage. Your kick misses the orc.
The orc is severely wounded.
You block the orc's attack.
You hit the orc. You claw the orc.
You kill the orc!
You barely miss the orc. Your kick misses the orc. You peck the orc.
You kill the orc!
You hit the worm. You claw the worm.
The worm is lightly wounded.
You puncture the worm! Your kick misses the worm.
The worm is severely wounded.
The worm bites you.
You are too injured to fight recklessly!
You hit the worm.
The worm is severely wounded.
The worm bites you.
* * * LOW HITPOINT WARNING * * *
You hit the worm but do no damage. You claw the worm.
You peck the worm, but do no damage.
The worm is almost dead.
You hit the worm but do no damage. Your peck misses the worm.
The worm is almost dead.
The worm bites you but does no damage.
You barely miss the worm. You claw the worm, but do no damage.
The worm is almost dead.
The worm bites you!
You die...

.........# #.#
.........# #.#
.........# #.#######
.........###........
#+#...........#####
##...........#.####
..........<.........
#.......##.#.#.#####
........+..#@#.#
........####w# #
............o#
########...#.#
#...#.#
..........#.#
..........#.#
..........#.#
..........#.#


You could see a worm and an orc.

Vanquished Creatures
  2 adders (D:2)
  A worm (D:2)
  A dart slug (D:3)
  3 orcs (D:3)
  2 endoplasms
  A giant cockroach (D:2)
  A goblin (D:1)
  2 hobgoblins (D:2)
  2 kobolds (D:1)
  3 quokkas
  A ball python (D:2)
  2 bats (D:2)
  A frilled lizard (D:2)
  5 rats
27 creatures vanquished.

Vanquished Creatures (others)
  A fungus (D:2)
1 creature vanquished.

Grand Total: 28 creatures vanquished

Notes
Turn   | Place    | Note
-------+----------+-------------------------------------------
     0 | D:1      | BeingJoeMalik the Tengu Fighter began the quest for the
                  | Orb.
     0 | D:1      | Reached XP level 1. HP: 14/14 MP: 2/2
    67 | D:1      | Found Gaypt's Book Shoppe.
   151 | D:1      | Reached XP level 2. HP: 19/19 MP: 3/3
   966 | D:2      | Reached XP level 3. HP: 19/23 MP: 4/4
  1077 | D:2      | Found a glowing silver altar of Zin.
  1661 | D:2      | Found a runed translucent door.
  1662 | D:2      | Noticed Crazy Yiuf
  1768 | D:3      | Slain by a worm

Illustrated notes

Levels and vault maps discovered:
D:1:      heliophobic_arrival_ceremonial_halls, layout_loops_ring, serial_shops,
          nicolae_shop_competitors_out_of_business
D:2:      layout_loops_ring, basic_altar, uniq_crazy_yiuf_cottage
D:3:      layout_basic, gammafunk_ghost_stat_death, basic_ecumenical_altar,
          minmay_vboxes

Action                   || total
-------------------------++-------
Melee: Trident           ||    87
       Kick              ||    17
       Peck              ||    12
  Use: Potion            ||     1
Armor: Scale mail        ||    27
Dodge: Dodged            ||    17
Block: Buckler           ||    13
